cohdb
Replays
Latest Replays
All Replays
Popular Replays
Top Player Replays
Match Explorer
How It Works
Community
CoH3 Stats
Reddit
Sign in to upload your games and track your stats! →
Sign in with Steam
Match 44448385
Unlisted
Match 44448385
Overview
Messages
Build Orders
End
Pioneer Squad
Construct Infanterie Kompanie
Selects Breakthrough Battlegroup
Selects Assault Grenadiers
MG 42 Machine Gun Team
Grenadier Squad
Grenadier Squad
Construct Panzergrenadier Kompanie
Medical Bunker
Support Elements
Panzergrenadier Squad
Nebelwerfer 42 Rocket Launcher Team
Selects Rapid Production
Selects Blitzkrieg
Panzergrenadier Squad
HORUS
Valar[M]orgHulis
Navigator
m0NESY
战汝娘亲
Your Nightmare
lyj00forest
404440673
0
0
Comments
sign in to comment!
No comments posted yet!